[Event "Late-Titled-Tuesday-Blitz-January-16-2024"]
[Site "Chess.com"]
[Date "2024.01.16"]
[Round "2"]
[White "vladislavkovalev"]
[Black "Quattroporte300"]
[Result "1-0"]
[WhiteElo "2835"]
[BlackElo "2406"]
[TimeControl "180+1"]
[EndTime "14:17:49 PST"]
[Termination "vladislavkovalev won on time"]

1. e4 c5 2. Nf3 d6 3. Bb5+ Bd7 4.
Bxd7+ Qxd7 5. c4 Nc6 6. Nc3 Nf6 7. d4 cxd4 8. Nxd4 g6 9. f3 Bg7 10. Be3 O-O 11. Rc1 Rac8 12. b3 Rfd8 13. O-O e6 14. Qd2 d5 15. exd5 exd5 16. c5 Re8 17. Bf2 Ne5 18.
Ncb5 Bf8 19. Nxa7 Rxc5 20. Rxc5 Bxc5 21. Nab5 Nc6 22. a4 Bb4 23. Qg5 Nh5 24. Rd1 Re5 25.
Qc1 Nf6 26. g3 h5 27. h4 Kg7 28. Kg2 Re8 29. Qg5 Re5 30. Qf4 Re8 31. Nxc6 bxc6 32. Qxb4 cxb5 33. axb5 Re2 34. b6 Qb7 35. Rd2 Re6 36.
Bd4 Rc6 37. Qb5 Re6 38. Re2 Rxe2+ 39. Qxe2 Qc6 40. Qe5 1-0

[Event "Late-Titled-Tuesday-Blitz-January-16-2024"]
[Site "Chess.com"]
[Date "2024.01.16"]
[Round "2"]
[White "MeisterJabo"]
[Black "Nouali_Mohamed"]
[Result "0-1"]
[WhiteElo "2267"]
[BlackElo "2548"]
[TimeControl "180+1"]
[EndTime "14:17:50 PST"]
[Termination "Nouali_Mohamed won on time"]

1. c4 Nf6 2. g3 g6 3. Bg2 Bg7 4. Nc3 O-O 5. d4 d6 6. Nf3 c5 7.
O-O cxd4 8. Nxd4 Nc6 9. Nxc6 bxc6 10. Bxc6 Bh3 11. Bg2 Bxg2 12. Kxg2 Rc8 13. Be3 Rxc4 14.
Kg1 Qa5 15. a3 Rb8 16. b4 Qh5 17. Na4 Ng4 18. h4 Nxe3 19. fxe3 Bxa1 20. Qxa1 Qxe2 21.
Qe1 Qc2 22. Qd1 a5 23. Qd5 e6 24. Qxd6 Rf8 25. Nc5 Qc3 26. Nd7 Rd8 27. Qe7 Qxe3+ 28.
Kg2 Qe4+ 29. Rf3 Rc2+ 30. Kh3 Rxd7 0-1

[Event "Late-Titled-Tuesday-Blitz-January-16-2024"]
[Site "Chess.com"]
[Date "2024.01.16"]
[Round "2"]
[White "nfds"]
[Black "Rgoltsman"]
[Result "1-0"]
[WhiteElo "2505"]
[BlackElo "2195"]
[TimeControl "180+1"]
[EndTime "14:17:50 PST"]
[Termination "nfds won on time"]

1. b3 e5 2. Bb2 e4 3. d3 f5 4. dxe4 fxe4 5. Qd5 Qe7 6. Nd2 Nf6 7. Bxf6 Qxf6 8.
Qxe4+ Be7 9. O-O-O d5 10. Qe3 O-O 11. Kb1 Ba3 12. c3 Bf5+ 13. Ka1 Nc6 14. Nb1 Rae8 15.
Qd2 Bb4 16. Rc1 Ba5 17. e3 Bxb1 18. Kxb1 Qxf2 19. Qxd5+ Kh8 20. Nf3 Rxe3 21. Rc2 Re1+ 22. Nxe1 Qxe1+ 23. Rc1 Qe3 24. Qd3 Qe5 25. Be2 Rd8 26.
Qc2 Qg5 27. Rcd1 Re8 28. Bf3 Ne5 29. Rd5 Qf6 30. Rhd1 Nxf3 31. gxf3 Qxf3 32. Rd8 Qe3 33. Qd3 Qe6 34. Qd7 Qe4+ 35. Kb2 Rg8 36. Rxg8+ Kxg8 37. Qd8+ Kf7 38. Qd7+ Kg6 39. Rg1+ 1-0

[Event "Late-Titled-Tuesday-Blitz-January-16-2024"]
[Site "Chess.com"]
[Date "2024.01.16"]
[Round "2"]
[White "DenizG123"]
[Black "RaugintaBulba"]
[Result "1-0"]
[WhiteElo "2101"]
[BlackElo "2439"]
[TimeControl "180+1"]
[EndTime "14:17:50 PST"]
[Termination "DenizG123 won on time"]

1. e4 e6 2. d4 d5 3. Nd2 c5 4.
Ngf3 Nc6 5. Bb5 Nf6 6. e5 Nd7 7. c3 Qb6 8. a4 cxd4 9. cxd4 Nxd4 10.
Nxd4 Qxd4 11. O-O Be7 12. Qh5 O-O 13. Nf3 Qe4 14. Ra3 Bxa3 15. bxa3 a6 16. Re1 Qg6 17. Qxg6 hxg6 18. Bf1 Nc5 19. a5 Bd7 20. Be3 Rfc8 21. Rb1 Ba4 22. Ng5 Rab8 23. Rb4 Bc2 24. h3 Bd3 25.
Bxc5 Bxf1 26. Bd6 Bb5 27. Bxb8 Rxb8 28. a4 Bc6 29. Nf3 Rc8 30. Nd4 Kf8 31. Nxc6 bxc6 32. Rb6 c5 33. Kf1 c4 34. Ke1 d4 35. Rxa6 d3 36. Kd2 c3+ 37. Kc1 d2+ 38. Kc2 Rd8 39.
Rd6 Rb8 40. Kxc3 1-0

[Event "Late-Titled-Tuesday-Blitz-January-16-2024"]
[Site "Chess.com"]
[Date "2024.01.16"]
[Round "2"]
[White "MrChessSponge"]
[Black "IlanSchnaider"]
[Result "1-0"]
[WhiteElo "2556"]
[BlackElo "2803"]
[TimeControl "180+1"]
[EndTime "14:17:53 PST"]
[Termination "MrChessSponge won on time"]

1. Nf3 Nf6 2. c4 g6 3. g3 Bg7 4. Bg2 O-O 5. O-O d5 6. cxd5 Nxd5 7. Nc3 Nc6 8. d4 e5 9. Nxd5 e4 10. Nd2 Qxd5 11. Nxe4 Qxd4 12. Bf4 Qxb2 13. Rb1 Qxa2 14.
Bxc7 Bf5 15. Rxb7 Nd4 16. e3 Ne2+ 17. Kh1 Qa6 18. Nd6 Nc3 19. Qc1 Bd3 20. Re1 Ne4 21. Nxe4 Bxe4 22. Bxe4 Rac8 23. Qb1 Rfe8 24. Bg2 h5 25.
Bf4 h4 26. gxh4 Qa5 27. Bg3 Bf6 28. Rc1 Kg7 29. Rxc8 Rxc8 30. Bf3 Qa3 31. Kg2 a5 32. Bd5 Rf8 33. h5 Qc5 34. Qxg6+ Kh8 35. Qxf6+ Kg8 36. Bxf7+ Kh7 37. Be6+ 1-0

[Event "Late-Titled-Tuesday-Blitz-January-16-2024"]
[Site "Chess.com"]
[Date "2024.01.16"]
[Round "2"]
[White "only_strong_moves"]
[Black "ChessBrainiacOnTwitch"]
[Result "1-0"]
[WhiteElo "2554"]
[BlackElo "2798"]
[TimeControl "180+1"]
[EndTime "14:17:53 PST"]
[Termination "only_strong_moves won on time"]

1. d4 Nf6 2. Nc3 d5 3. Bf4 g6 4. e3 Bg7 5. h4 h5 6. Nf3 O-O 7. Ne5 c5 8. a3 b6 9. Be2 cxd4 10. exd4 Bb7 11. g4 hxg4 12. Bxg4 Nc6 13. h5 Nxe5 14. Bxe5 Nxg4 15. Bxg7 Nxf2 16. Qd2 Kxg7 17. Qxf2 Rh8 18. O-O-O Qd6 19. hxg6 fxg6 20. Qe3 Raf8 21. Kb1 Bc8 22. Rde1 Rxh1 23. Rxh1 Bf5 24. Nb5 Qf6 25.
Nxa7 Ra8 26. Nb5 Rc8 27. Nc3 e6 28. Qh6+ Kf7 29. Qh7+ Qg7 30. Qh4 g5 31. Qf2 Ke7 32. Re1 Kd7 33. Ka1 Rc6 34. Nxd5 Rxc2 35. Qf3 Qxd4 36. Nc3 1-0

[Event "Late-Titled-Tuesday-Blitz-January-16-2024"]
[Site "Chess.com"]
[Date "2024.01.16"]
[Round "2"]
[White "CRObliterator"]
[Black "Goryachkina"]
[Result "0-1"]
[WhiteElo "2346"]
[BlackElo "2698"]
[TimeControl "180+1"]
[EndTime "14:17:53 PST"]
[Termination "Goryachkina won on time"]

1. e4 c5 2. c3 Nf6 3. e5 Nd5 4. d4 cxd4 5. cxd4 d6 6. Nf3 Nc6 7. a3 e6 8. Bd3 Be7 9. O-O O-O 10. b4 Bd7 11. Bb2 a6 12. Nbd2 Nf4 13. Be4 dxe5 14.
dxe5 Rc8 15. Rc1 a5 16. b5 Na7 17. a4 Rxc1 18. Bxc1 Qc7 19. Nb3 Nd5 20. Qd3 h6 21. Bb2 Nc8 22. Rc1 Qb6 23. Bd4 Qd8 24. Nc5 Bxc5 25.
Bxc5 Re8 26. Bxd5 exd5 27. Qxd5 b6 28. Bd4 Be6 29. Qxd8 Rxd8 30. h3 Bb3 31. Ra1 Rd7 32.
Ra3 Bd1 33. Rc3 Rd8 34. Be3 Bxa4 0-1

[Event "Late-Titled-Tuesday-Blitz-January-16-2024"]
[Site "Chess.com"]
[Date "2024.01.16"]
[Round "2"]
[White "mortngabriel"]
[Black "imdarealist"]
[Result "1-0"]
[WhiteElo "2525"]
[BlackElo "2261"]
[TimeControl "180+1"]
[EndTime "14:17:53 PST"]
[Termination "mortngabriel won by checkmate"]

1. e4 e5 2. Nc3 Nc6 3. Bc4 Bb4 4. Nge2 Nf6 5. O-O Bxc3 6. Nxc3 d6 7. d3 h6 8. f4 exf4 9. Bxf4 O-O 10. d4 Bg4 11. Qd2 Nh7 12. Rae1 Ne7 13. Re3 Be6 14. Bd3 Ng6 15.
Rg3 Nxf4 16. Qxf4 Kh8 17. e5 dxe5 18. Qxe5 Rg8 19. Qe4 g6 20. Qe5+ Rg7 21. Bxg6 fxg6 22. Rxg6 Qg8 23. Rxe6 Rf8 24. Rxf8 Nxf8 25. Rxh6+ Nh7 26.
Rxh7+ Qxh7 27. Ne4 Qg6 28. g3 Kg8 29. h4 Rf7 30.
Ng5 Rf8 31. Qxc7 Qf5 32. Kh2 Qf2+ 33. Kh3 Qf1+ 34. Kg4 Qf5+ 35. Kh5 Kh8 36. Qe7 Kg8 37.
g4 Qf6 38. Qh7# 1-0

[Event "Late-Titled-Tuesday-Blitz-January-16-2024"]
[Site "Chess.com"]
[Date "2024.01.16"]
[Round "2"]
[White "MKlose11"]
[Black "APOKALIPSA13"]
[Result "1-0"]
[WhiteElo "2647"]
[BlackElo "2154"]
[TimeControl "180+1"]
[EndTime "14:17:55 PST"]
[Termination "MKlose11 won on time"]

1. e4 e5 2. Nf3 d5 3. d4 dxe4 4. Nxe5 Bd6 5. Nc4 Be7 6. Ne3 Nf6 7. c4 c6 8. Nc3 O-O 9. Be2 Re8 10. b3 Nbd7 11. Bb2 Nf8 12. d5 Bc5 13. Qd2 Ng6 14. Rd1 Nf4 15. O-O Qe7 16. Na4 Bd6 17. c5 Bxc5 18. d6 Nxe2+ 19. Qxe2 Bxd6 20. Nc4 Bc7 21. Ba3 Qe6 22. Nc5 Qg4 23. Qc2 Bxh2+ 24. Kxh2 Qh4+ 25.
Kg1 Ng4 26. Rfe1 Qh2+ 27. Kf1 Qh1+ 28. Ke2 Qxg2 29. Kd2 Nxf2 30. Kc1 Bf5 31. Ne3 Qg5 32. Qxf2 Bg6 33. Rg1 Qe5 34. Kb1 Rad8 35. Na4 b5 36.
Bb2 Qe6 37. Nc5 Qc8 38. b4 Rxd1+ 39. Rxd1 Qc7 40. Qc2 1-0

[Event "Late-Titled-Tuesday-Blitz-January-16-2024"]
[Site "Chess.com"]
[Date "2024.01.16"]
[Round "2"]
[White "AryanTari"]
[Black "stasOR4ik"]
[Result "0-1"]
[WhiteElo "2900"]
[BlackElo "2428"]
[TimeControl "180+1"]
[EndTime "14:17:55 PST"]
[Termination "stasOR4ik won by checkmate"]

1. d4 d5 2. Nf3 Nf6 3. Bf4 c6 4. c4 e6 5. e3 Ne4 6. Bd3 f5 7. O-O Be7 8. Ne5 O-O 9. f3 Nd6 10. Nc3 Nd7 11. cxd5 exd5 12. Qc2 Nxe5 13. dxe5 Nc4 14.
b3 Nb6 15. g4 d4 16. Ne2 g5 17.
gxf5 gxf4 18. f6 Bxf6 19. exf6 Qxf6 20. Nxf4 dxe3 21. Bxh7+ Kh8 22. Ng6+ Kxh7 23. Nxf8+ Kg8 24. Qg6+ Qg7 25. Qg3 Qxg3+ 26. hxg3 Kxf8 27. Kg2 Nd5 28. Rh1 Kg7 29. g4 Be6 30. Kg3 Rf8 31. Rae1 b5 32.
Rh5 a5 33. Re5 Bf7 34. f4 a4 35. f5 Kf6 36. Re4 Re8 37. Rxe8 Bxe8 38. bxa4 bxa4 39. Rc1 Kg5 40. Kf3 Bd7 41. Rg1 c5 42. Ke4 Bc6 43. Ke5 Nc3 44. f6 Kg6 45. Ke6 Bd5+ 46. Ke7 Bc4 47.
Rc1 e2 48. Re1 Nd1 49. Kd6 Ne3 50. f7 Kxf7 51. Kxc5 Nc2 52. Rf1+ exf1=Q 53. g5 Kg6 54. Kd6 Kxg5 55. Kc5 Qd3 56. Kb6 Qd5 57. Ka7 Qb5 58. a3 Ne3 59. Ka8 Bd5+ 60. Ka7 Qb7# 0-1

[Event "Late-Titled-Tuesday-Blitz-January-16-2024"]
[Site "Chess.com"]
[Date "2024.01.16"]
[Round "2"]
[White "Pitomina-inactive"]
[Black "BardArtem"]
[Result "1/2-1/2"]
[WhiteElo "2550"]
[BlackElo "2815"]
[TimeControl "180+1"]
[EndTime "14:17:56 PST"]
[Termination "Game drawn by repetition"]

1. g4 e5 2. Bg2 Ne7 3. c4 Ng6 4.
e3 Nh4 5. Be4 d6 6. Nc3 Nd7 7. Qa4 c6 8. d4 Be7 9. Nf3 Nxf3+ 10.
Bxf3 O-O 11. Bd2 Nb6 12. Qb3 Be6 13. d5 cxd5 14. Nxd5 Rc8 15. Ba5 Bxd5 16. Bxd5 Rc5 17. Bxb6 axb6 18. a4 Kh8 19. Qd3 Qa8 20. Ke2 Qc8 21.
Qe4 f5 22. gxf5 Rxf5 23. b3 Qf8 24. Raf1 Rh5 25. Rhg1 Rxh2 26. Rh1 Rxh1 27. Rxh1 h6 28. Qg6 Rxd5 29. cxd5 Qc8 30. Kd2 Bf6 31. Rc1 Qg8 32. Rc7 Qxd5+ 33. Ke2 Qg8 34. Rxb7 Qc8 35. Ra7 d5 36. Qd3 e4 37. Qxd5 Qg4+ 38. Kd2 Qf3 39. Ra8+ Kh7 40. Qg8+ Kg6 41. Qe8+ Kh7 42. Ke1 Bc3+ 43.
Kf1 Qh1+ 44. Ke2 Qf3+ 45. Kf1 Qh1+ 46. Ke2 Qf3+ 47. Kf1 1/2-1/2

[Event "Late-Titled-Tuesday-Blitz-January-16-2024"]
[Site "Chess.com"]
[Date "2024.01.16"]
[Round "2"]
[White "Emp3rador"]
[Black "Bigfish1995"]
[Result "0-1"]
[WhiteElo "2619"]
[BlackElo "3071"]
[TimeControl "180+1"]
[EndTime "14:17:57 PST"]
[Termination "Bigfish1995 won by resignation"]

1. e4 c6 2. d4 d5 3. exd5 cxd5 4. Bd3 Nc6 5. c3 Qc7 6. h3 Nf6 7. Nf3 a6 8. O-O e6 9. Re1 h6 10. a4 Bd6 11. Nbd2 b6 12. Qe2 Bb7 13. Ne5 Bxe5 14. dxe5 Nd7 15. Nf3 Nc5 16. Bc2 a5 17. Nd4 Nxd4 18.
cxd4 Na6 19. Bd3 Nb4 20. Bb5+ Bc6 21. Bd2 Qd7 22. Bxb4 axb4 23. Rec1 Bxb5 24. Qxb5 Qxb5 25. axb5 Kd7 26. Rxa8 Rxa8 27. Rc6 Ra1+ 28. Kh2 Rd1 29. Rxb6 Kc7 30. Rc6+ Kb7 31. Rd6 Rxd4 32. Rd7+ Kb6 33. Rxf7 Rd2 34. b3 Rd3 35. Re7 Rxb3 36. Rxe6+ Kxb5 37.
Rd6 Kc5 38. Rd7 Rb1 39. e6 Re1 40. e7 Kc6 41. Ra7 d4 42. Kg3 d3 43. Ra2 Rxe7 44.
Rd2 Rd7 45. Kf3 Kc5 46. Ke3 Kc4 47. Rd1 Re7+ 48. Kd2 0-1

[Event "Late-Titled-Tuesday-Blitz-January-16-2024"]
[Site "Chess.com"]
[Date "2024.01.16"]
[Round "2"]
[White "Russian_berezka"]
[Black "frederiksvane"]
[Result "1-0"]
[WhiteElo "2585"]
[BlackElo "2894"]
[TimeControl "180+1"]
[EndTime "14:17:57 PST"]
[Termination "Russian_berezka won by resignation"]

1. d4 Nf6 2. Bf4 b6 3. e3 Bb7 4. Nf3 Nh5 5. Bg5 h6 6. Bh4 g5 7.
Nfd2 Nf4 8. Bg3 Nxg2+ 9. Bxg2 Bxg2 10. Rg1 Bb7 11. Nc3 d6 12. Qh5 Nd7 13. Nde4 Nf6 14. Nxf6+ exf6 15. O-O-O Qd7 16. d5 O-O-O 17. f4 Bg7 18.
Rgf1 f5 19. fxg5 Ba6 20. Rfe1 hxg5 21. Qxg5 Bxc3 22. bxc3 Qa4 23. Qxf5+ Kb8 24. Qf4 Qxa2 25. Qb4 Bb7 26. c4 Rde8 27. Qb2 Qxc4 28. Rd4 Qc5 29.
c4 b5 30. Qxb5 Qa3+ 31. Qb2 Rxe3 32. Qxa3 Rxa3 33. Re7 Rf3 34. c5 dxc5 35. Rc4 Bxd5 36. Rxc5 Bb7 37. Rcxc7 Rxg3 38. Rxb7+ Kc8 39. Rec7+ Kd8 40.
Rd7+ Kc8 41. Rbc7+ Kb8 42. hxg3 Rh1+ 43. Kd2 Rh2+ 44.
Ke3 Rh3 45. Kf3 a5 46. Rxf7 a4 47. Rce7 Rh8 48. Rb7+ Ka8 49. Ra7+ Kb8 50. Rfb7+ Kc8 51. Ra8+ Kxb7 52. Rxh8 a3 53. Rh1 Kc6 54. Ra1 Kc5 55. Rxa3 Kb4 56. Ra1 1-0

[Event "Late-Titled-Tuesday-Blitz-January-16-2024"]
[Site "Chess.com"]
[Date "2024.01.16"]
[Round "2"]
[White "SCIM"]
[Black "FrenchHarvey"]
[Result "1-0"]
[WhiteElo "2553"]
[BlackElo "2793"]
[TimeControl "180+1"]
[EndTime "14:17:57 PST"]
[Termination "SCIM won by resignation"]

1. d4 d5 2. c4 c6 3. Nf3 Nf6 4.
g3 Bf5 5. Nc3 e6 6. Nh4 Be4 7.
f3 Bg6 8. Nxg6 hxg6 9. e3 Nbd7 10. Bd2 Bd6 11. Kf2 e5 12. cxd5 exd4 13. exd4 Qc7 14. Kg2 Nxd5 15. Nxd5 cxd5 16. Rc1 Qb6 17. Bc3 O-O 18.
Bd3 Bb4 19. Qb3 Bxc3 20. bxc3 Nf6 21. Rhe1 Rfe8 22. Rb1 Qc7 23. c4 Qa5 24. Rxe8+ Rxe8 25. Qc2 dxc4 26. Bxc4 b6 27. Qxg6 Qd2+ 28. Kh3 Re7 29.
Qd3 Qh6+ 30. Kg2 Qg5 31. Rf1 Nd5 32. Bxd5 Qxd5 33. Rf2 b5 34. Rd2 a5 35. Qb3 Qd7 36. d5 Re5 37. Qd3 b4 38. Qd4 Qd6 39. Qa7 Re1 40.
Qxa5 Kh7 41. Qb5 Re3 42. Qc6 Qe5 43. Qc2+ g6 44. d6 Rc3 45. Qd1 g5 46. d7 g4 47.
d8=Q gxf3+ 48. Kh1 Qe4 49. Qh4+ Qxh4 50. gxh4 1-0

[Event "Late-Titled-Tuesday-Blitz-January-16-2024"]
[Site "Chess.com"]
[Date "2024.01.16"]
[Round "2"]
[White "sansanathalia"]
[Black "ArtemDyachuk"]
[Result "1-0"]
[WhiteElo "2382"]
[BlackElo "2650"]
[TimeControl "180+1"]
[EndTime "14:17:58 PST"]
[Termination "sansanathalia won on time"]

1. e4 c5 2. Nf3 d6 3. d4 cxd4 4. Qxd4 a6 5. c4 Nc6 6. Qd2 Nf6 7. Nc3 g6 8. Be2 Bh6 9. Qxh6 Be6 10. Qd2 O-O 11.
O-O Qc7 12. b3 Ne5 13. Nxe5 dxe5 14. Bb2 Rfd8 15. Qe3 Rd4 16. Nd5 Bxd5 17. exd5 Re4 18. Qf3 Rf4 19. Qg3 b5 20. Bd3 bxc4 21. Bxc4 Rf5 22. Rfe1 Nd7 23. Rad1 Qd6 24. Bd3 Rh5 25. Be2 Rf5 26. Bg4 Rg5 27. h4 Rxg4 28. Qxg4 f5 29. Qg3 f4 30. Qg4 Kf7 31. Qe6+ Qxe6 32. dxe6+ Kxe6 33. Re2 Rc8 34. Rde1 Rc5 35. g3 Kf5 36. gxf4 Kxf4 37.
Ba3 Rd5 38. Bxe7 h6 39. Kg2 Rd4 40. Re3 Kf5 41. Ba3 Rg4+ 42. Rg3 Rd4 43. Bb2 Rd1 44.
Rxd1 1-0

[Event "Late-Titled-Tuesday-Blitz-January-16-2024"]
[Site "Chess.com"]
[Date "2024.01.16"]
[Round "2"]
[White "ural58"]
[Black "ZuraTqebuchava"]
[Result "1-0"]
[WhiteElo "2472"]
[BlackElo "2140"]
[TimeControl "180+1"]
[EndTime "14:17:58 PST"]
[Termination "ural58 won on time"]

1. e4 e5 2. f4 d6 3. Nc3 Nc6 4.
Bb5 a6 5. Bxc6+ bxc6 6. fxe5 dxe5 7. d3 Bc5 8. Qe2 h6 9. Be3 Bxe3 10. Qxe3 Qg5 11.
Qf2 Qf6 12. Nf3 Bg4 13. O-O Bxf3 14. Qxf3 Qxf3 15. Rxf3 Nf6 16. Raf1 Ke7 17. Na4 Rhb8 18. b3 Rf8 19. Nb2 Nd7 20. Rg3 g5 21. Rgf3 f6 22. Nc4 Nc5 23. Ne3 Nd7 24. Nf5+ Ke6 25. Nxh6 Rh8 26. Ng4 Raf8 27. Ne3 Ke7 28. h3 Nc5 29.
Nf5+ Ke6 30. Ne3 Ke7 31. Ng4 Nd7 32. Rd1 Rh4 33. Ne3 Ke6 34. c3 Rf4 35. Kf2 Ke7 36. g3 Rxf3+ 37. Kxf3 Nc5 38. d4 exd4 39. cxd4 Ne6 40. d5 cxd5 41. Nxd5+ Kf7 42. Rc1 Rc8 43. Nb4 Nd4+ 44. Ke3 Ne6 45. Nxa6 Ra8 46. Rc6 Ra7 47. a4 Ke7 48. Nc5 1-0

[Event "Late-Titled-Tuesday-Blitz-January-16-2024"]
[Site "Chess.com"]
[Date "2024.01.16"]
[Round "2"]
[White "Sic_Transit_GM"]
[Black "IranianCheetah"]
[Result "1-0"]
[WhiteElo "2684"]
[BlackElo "2377"]
[TimeControl "180+1"]
[EndTime "14:17:59 PST"]
[Termination "Sic_Transit_GM won on time"]

1. g3 g6 2. Bg2 Bg7 3. e4 c5 4.
d3 Nc6 5. f4 b5 6. Nc3 Rb8 7.
Nf3 d6 8. h3 h5 9. O-O b4 10. Ne2 Nf6 11. Nh4 Qc7 12. f5 gxf5 13. Nxf5 Bxf5 14. Rxf5 e6 15. Rf2 Nd7 16. Rb1 Nd4 17. Be3 Nxe2+ 18. Qxe2 Bd4 19. Rbf1 Ne5 20.
Bxd4 cxd4 21. Qd2 h4 22. gxh4 Rg8 23. Kh1 Qe7 24. Qh6 Kd7 25. Rf4 Rbc8 26. R1f2 Rg3 27. Kh2 Rcg8 28. Qh5 Ke8 29. Bf1 a5 30. Be2 R3g6 31.
c3 bxc3 32. bxc3 dxc3 33. d4 c2 34. Bb5+ Kd8 35. Rxc2 Nd7 36. Bxd7 Qxd7 37. Qxa5+ Ke8 38. h5 Rg5 39. e5 dxe5 40. dxe5 Ke7 41. Rcf2 Qd5 42.
Rxf7+ 1-0

[Event "Late-Titled-Tuesday-Blitz-January-16-2024"]
[Site "Chess.com"]
[Date "2024.01.16"]
[Round "2"]
[White "ToddBryant"]
[Black "guillembaches"]
[Result "0-1"]
[WhiteElo "2299"]
[BlackElo "2532"]
[TimeControl "180+1"]
[EndTime "14:18:00 PST"]
[Termination "guillembaches won by resignation"]

1. e4 d5 2. exd5 Qxd5 3. Nc3 Qa5 4. d4 Nf6 5. Bd2 Bg4 6. f3 Bd7 7. Bc4 Qb6 8. Nge2 e6 9. O-O Be7 10. Kh1 O-O 11. Ne4 Bc6 12. Bd3 Nbd7 13. c4 Qxb2 14.
Bc3 Qa3 15. Qc2 Bb4 16. Bb2 Qa4 17. Qc1 Be7 18. N2c3 Qa5 19. Qc2 Rad8 20. Rfd1 h6 21.
Nxf6+ Nxf6 22. Ne4 Nxe4 23. fxe4 Ba3 24. d5 Ba4 25.
Qf2 Bxb2 26. Qxb2 Bxd1 27. Rxd1 b6 28. Qe2 Qc5 29. Qf3 e5 30. Rf1 Qd6 31. Qh5 Qg6 32.
Qh3 Rd6 33. Rf5 Rf6 34. g4 Rxf5 35. exf5 Qg5 36. Qg3 Re8 37. Kg2 e4 38. Be2 Qe7 39. h4 Qe5 40. Kh3 Qxg3+ 41. Kxg3 f6 42. Kf4 Kf8 43. Ke3 Re5 44. Bf1 Ke7 45. Bg2 Kd6 46.
Bxe4 Kc5 47. Kd3 Kb4 48. Kd4 a5 49. h5 a4 50. Kd3 Ka3 51. Kd4 Kxa2 52. c5 bxc5+ 53. Kxc5 0-1

[Event "Late-Titled-Tuesday-Blitz-January-16-2024"]
[Site "Chess.com"]
[Date "2024.01.16"]
[Round "2"]
[White "yaguigor"]
[Black "topce"]
[Result "1-0"]
[WhiteElo "2633"]
[BlackElo "2358"]
[TimeControl "180+1"]
[EndTime "14:18:01 PST"]
[Termination "yaguigor won on time"]

1. Nf3 c5 2. e4 Nc6 3. Bb5 Nf6 4.
Bxc6 dxc6 5. d3 Bg4 6. Nbd2 Qc7 7. h3 Bh5 8. g4 Bg6 9. Nc4 Nd7 10. Nh4 e5 11.
O-O f6 12. f4 Bd6 13. Nxd6+ Qxd6 14. Nf5 Bxf5 15. gxf5 O-O-O 16. Be3 exf4 17. Rxf4 Ne5 18. b3 g5 19. Rf2 h5 20. Kh1 g4 21. Bf4 gxh3 22.
Qe2 Qd4 23. Bxe5 Qxe5 24. Rg1 Rdg8 25. Rff1 Rg5 26. Qh2 Qd4 27. Rxg5 fxg5 28. f6 Rf8 29. Qxh3+ g4 30. Qxh5 g3 31. Qg4+ Kb8 32. Qxg3+ Ka8 33.
f7 Qh8+ 34. Kg2 a5 35. e5 Qh7 36. e6 Rh8 37. f8=Q+ Rxf8 38. Rxf8+ Ka7 39. Rf1 Qh5 40. Re1 Qd5+ 41. Re4 c4 42. bxc4 Qh5 43. e7 Qh1+ 44. Kxh1 1-0

[Event "Late-Titled-Tuesday-Blitz-January-16-2024"]
[Site "Chess.com"]
[Date "2024.01.16"]
[Round "2"]
[White "FredddieCroderg"]
[Black "FrankDux44"]
[Result "0-1"]
[WhiteElo "2350"]
[BlackElo "2611"]
[TimeControl "180+1"]
[EndTime "14:18:01 PST"]
[Termination "FrankDux44 won on time"]

1. e4 c6 2. d4 g6 3. h4 d5 4. exd5 cxd5 5. Bd3 Nc6 6. c3 Nf6 7. Nd2 Bg7 8. Ndf3 Bg4 9. Qb3 Bxf3 10. Nxf3 Qc7 11.
g3 O-O 12. Bf4 Qd7 13. Ne5 Nxe5 14. Bxe5 a6 15. Bf1 Qf5 16. O-O-O Qxf2 17. Bd3 Ne4 18. Bxe4 dxe4 19. Bf4 b5 20. h5 Rac8 21. hxg6 hxg6 22. Rdf1 Qe2 23. Be5 Qc4 24. Qc2 Qxa2 25. Qh2 f6 26. Qh7+ Kf7 27. Rh6 Qa1+ 28. Kc2 Qxf1 29.
Qxg6+ Ke6 30. Qxg7 Qd3+ 31. Kb3 e3 32. Rh7 Rce8 33.
Qg4+ Qf5 34. Qh4 fxe5 35. d5+ Kd7 36. Rh6 Rf6 37. Rh7 e2 38. Qh1 e4 39. d6 Qd5+ 40.
Ka3 Qxd6+ 41. b4 Qd3 42. Qh3+ Kd8 43. Rh8 Qxc3+ 44. Ka2 e1=Q 0-1

[Event "Late-Titled-Tuesday-Blitz-January-16-2024"]
[Site "Chess.com"]
[Date "2024.01.16"]
[Round "2"]
[White "Smile2005"]
[Black "angelgab3"]
[Result "0-1"]
[WhiteElo "2351"]
[BlackElo "2612"]
[TimeControl "180+1"]
[EndTime "14:18:02 PST"]
[Termination "angelgab3 won by checkmate"]

1. e4 e5 2. Nf3 Nc6 3. d4 exd4 4. Bc4 Nf6 5. O-O Nxe4 6. Re1 d5 7. Bxd5 Qxd5 8. Nc3 Qa5 9. Nxe4 Be6 10. Neg5 O-O-O 11. Nxe6 fxe6 12. Rxe6 Qd5 13. Qe2 Bd6 14. Bd2 b6 15.
Re1 Kb7 16. a3 h6 17. b4 a6 18. c4 dxc3 19. Bxc3 Rd7 20. Rd1 Qxd1+ 21. Qxd1 Bxh2+ 22. Kxh2 Rxd1 23. Bxg7 Rh7 24. Bb2 Rb1 25. Bf6 Rb3 26. Re3 Rxe3 27. fxe3 Rd7 28. e4 Rd3 29. e5 Rxa3 30.
Bg7 h5 31. Bh6 Nxb4 32. e6 Nd5 33. Bg5 Ra4 34. Nd2 Kc8 35. Nf3 Re4 36. e7 Nxe7 37. Nd2 Re2 38. Nc4 Nd5 39. Kh3 a5 40. Kh4 Re4+ 41.
Kxh5 Rxc4 42. g4 a4 43. Bd2 Rd4 44. Bc1 Rd1 45. Bb2 Rd2 46. Be5 a3 47. g5 Re2 48.
Bd4 b5 49. g6 Nf4+ 50. Kg5 Nxg6 51. Kxg6 b4 52. Kf5 b3 53. Kf4 b2 54. Kf3 Rd2 55.
Be3 Rd4 56. Bxd4 b1=Q 57. Ke3 a2 58. Kd2 c5 59. Be5 Kd7 60. Bc3 Ke6 61. Ke2 Kd5 62.
Bd2 Kc4 63. Be3 a1=Q 64. Kf3 Kd5 65. Ke2 c4 66. Kf3 c3 67. Ke2 Qe4 68. Kf2 c2 69.
Bd2 Qd1 70. Bg5 Kc4 71. Bh4 Kb3 72. Bf6 Ka2 73. Bh4 Kb1 74. Bd8 c1=Q 75. Bg5 Qcc2+ 76.
Kg3 Qdd3+ 77. Be3 Qce2 78. Kh3 Qdxe3# 0-1

[Event "Late-Titled-Tuesday-Blitz-January-16-2024"]
[Site "Chess.com"]
[Date "2024.01.16"]
[Round "2"]
[White "TheCavemanChess"]
[Black "ImportedItalianMaple"]
[Result "0-1"]
[WhiteElo "2709"]
[BlackElo "2402"]
[TimeControl "180+1"]
[EndTime "14:18:06 PST"]
[Termination "ImportedItalianMaple won by checkmate"]

1. Nh3 e5 2. Na3 d5 3. e3 Nf6 4. d3 c5 5. Be2 Nc6 6. Bd2 Bd6 7.
c4 O-O 8. Ng5 h6 9. cxd5 Nxd5 10. Ne4 Be7 11. g4 b6 12. Rg1 Bh4 13. Qb3 Kh8 14.
O-O-O Be6 15. Nc4 Rb8 16. Qa3 b5 17. Ncd6 b4 18. Qa4 Qc7 19. Nf5 Bxf5 20. gxf5 Be7 21.
Ng3 f6 22. Nh5 Rf7 23. Bf3 Rd8 24. Qb3 Na5 25. Bxd5 Nxb3+ 26. Bxb3 Bf8 27. Bc4 Rfd7 28. Kc2 a5 29. e4 a4 30. Bxh6 b3+ 31. Kb1 a3 32.
axb3 axb2 33. Kxb2 Ra8 34. Ra1 Rxa1 35. Rxa1 gxh6 36.
Nxf6 Qd6 37. Nxd7 Qxd7 38. Kc2 Qd4 39. Ra8 Qxf2+ 40. Kc3 Qd4+ 41. Kc2 Kg7 42. h4 Be7 43. Ra7 Kf8 44. Ra8+ Bd8 45. Bd5 Ke7 46.
Ra7+ Kd6 47. Ra6+ Kc7 48. Ra7+ Kb8 49. Ra8+ Kc7 50. Ra7+ Kb6 51. Rb7+ Ka6 52. Rd7 Qf2+ 53. Kb1 Ba5 54. Bc4+ Kb6 55. Rd6+ Kc7 56. Ra6 Bc3 57.
Ra7+ Kb6 58. Ra2 Qe1+ 59. Kc2 Qd2+ 60. Kb1 Qd1# 0-1

[Event "Late-Titled-Tuesday-Blitz-January-16-2024"]
[Site "Chess.com"]
[Date "2024.01.16"]
[Round "2"]
[White "diamonds13"]
[Black "HajiyevKanan"]
[Result "0-1"]
[WhiteElo "2341"]
[BlackElo "2578"]
[TimeControl "180+1"]
[EndTime "14:18:06 PST"]
[Termination "HajiyevKanan won by checkmate"]

1. d4 c6 2. c4 d5 3. Nf3 Nf6 4. Nbd2 a6 5. g3 Bf5 6. Bg2 e6 7. b3 h6 8. Bb2 Bb4 9. a3 Bd6 10. b4 O-O 11. c5 Bc7 12. Ne5 Nbd7 13. h3 Nxe5 14. dxe5 Ne4 15. g4 Nxd2 16. Qxd2 Bg6 17. O-O a5 18. f4 axb4 19. Qxb4 b6 20. Rac1 bxc5 21. Rxc5 Bb6 22. Bd4 Bxc5 23. Bxc5 Re8 24. f5 exf5 25. gxf5 Bh5 26. Bd6 Bxe2 27. Rf2 Bb5 28.
f6 Ra4 29. Qd2 Qa5 30. Qe3 Qa7 31. Bc5 Qc7 32. Qg3 g6 33. Bd6 Qa7 34. e6 Rxe6 35. Bf4 Rxf6 36. Be3 Qe7 37. Kh2 Rxf2 38. Qxf2 Qe5+ 39. Kh1 Rxa3 40. Bf4 Ra1+ 41. Kh2 Qe1 42.
Qd4 g5 43. Bd6 Rd1 44. Qf6 Qg1+ 45. Kg3 Rd3+ 46. Kg4 Qxg2+ 47. Kf5 Qf3+ 48. Ke5 Qe4# 0-1